 Dungeon Crawl Stone Soup version 0.28-b1 (webtiles) character file.

Game seed: 12563805604333680873

58 Araneus the Insei (level 3, 0/29 HPs)
             Began as a Demonspawn Monk on Jan 26, 2022.
             Slain by an orc priest (6 damage)
             ... on level 3 of the Dungeon.
             The game lasted 00:05:19 (2821 turns).

Araneus the Insei (Demonspawn Monk)                 Turns: 2821, Time: 00:05:20

Health: 0/29       AC:  2    Str: 13    XL:     3   Next: 76%
Magic:  3/3        EV: 12    Int: 11    God:
Gold:   97         SH:  0    Dex: 15    Spells: 2/2 levels left

rFire   . . .      SeeInvis .     - Unarmed
rCold   . . .      Faith    .   (no shield)
rNeg    . . .      Spirit   .   a - +0 robe
rPois   .          Reflect  .   (no helmet)
rElec   .          Harm     .   (no cloak)
rCorr   .          Rampage  .   (no gloves)
Will    .....                   (no boots)
Stlth   ++........              (no amulet)
HPRegen 0.09/turn               (no ring)
MPRegen 0.08/turn               (no ring)

@: no status effects
A: foul stench 1
a: no special abilities


You were on level 3 of the Dungeon.
You visited 1 branch of the dungeon, and saw 3 of its levels.

You collected 97 gold pieces.

Inventory:

Armour
 a - a +0 robe (worn)
Jewellery
 j - an amulet of magic regeneration
Scrolls
 b - a scroll of teleportation {unknown}
 d - a scroll of torment {unknown}
 e - a scroll of noise {unknown}
 g - 2 scrolls of silence {unknown}
 k - 2 scrolls of enchant weapon {unknown}
Potions
 c - a potion of attraction
 i - a potion of mutation {unknown}


   Skills:
 - Level 3.0 Fighting
 - Level 2.6 Dodging
 - Level 1.7 Stealth
 + Level 4.3 Unarmed Combat


You had 2 spell levels left.
You didn't know any spells.
Your spell library contained the following spells:

 Spells                   Type           Power      Damage    Failure   Level
 Static Discharge         Conj/Air       0%         N/A       47%         2
 Dispel Undead            Necr           0%         3d6       98%         4
 Sticky Flame             Conj/Fire      0%         2d3       98%         4


Dungeon Overview and Level Annotations

Branches:
Dungeon (3/15)

Altars:
Fedhas


Innate Abilities, Weirdness & Mutations

You may rarely emit foul miasma when damaged in melee.


Message History

The adder is poisoned.
You kill the adder!
You start resting.
You feel a little less clever now.
You start resting.
HP restored.
You see here an adder skeleton.
There is a stone staircase leading down here.
You climb downwards.
There is a stone staircase leading up here.
There is a stone staircase leading up here.
You see here a +0 club.
An orc priest is nearby!
You hit the orc priest but do no damage.
The orc priest mumbles some strange prayers to Beogh against you.
Beogh smites you!
Ouch! That really hurt!
You are too injured to fight recklessly!
You are too injured to fight recklessly!
You are too injured to fight recklessly!
You hit the orc priest.
The orc priest is moderately wounded.
The orc priest closely misses you.
You closely miss the orc priest.
The orc priest is moderately wounded.
The orc priest closely misses you.
You closely miss the orc priest.
The orc priest is moderately wounded.
The orc priest hits you with a +0 hand axe.
You closely miss the orc priest.
The orc priest is moderately wounded.
The orc priest barely misses you.
You barely miss the orc priest.
The orc priest is moderately wounded.
The orc priest hits you with a +0 hand axe.
* * * LOW HITPOINT WARNING * * *
You closely miss the orc priest.
The orc priest is moderately wounded.
The orc priest hits you with a +0 hand axe.
You die...

#o# #.# #.# #..# #)# #.# #.#
#..# #<## #.# #.###).### #..#
#.# #........## ##.#
#<#######.....# #.#
#.............### #.#
#########.......# #.#
#.......# #.# #.@.....# # #.#
#.o...#.... . #.# #.#...#####
. #.############.##..####### #
#........>......#......... #
##############.###.###########
# ### #...........# #
###########.### #....


You could see an orc priest.

Vanquished Creatures
  An adder (D:2)
  A dart slug (D:1)
  2 orcs (D:2)
  4 endoplasms
  5 hobgoblins
  6 kobolds
  2 quokkas (D:2)
  9 ball pythons
  2 bats
  2 frilled lizards
  4 goblins
  4 rats
42 creatures vanquished.

Notes
Turn   | Place    | Note
-------+----------+-------------------------------------------
     0 | D:1      | Araneus the Demonspawn Monk began the quest for the Orb.
     0 | D:1      | Reached XP level 1. HP: 18/18 MP: 1/1
   149 | D:1      | Reached skill level 3 in Unarmed Combat
   301 | D:1      | Gained mutation: You may rarely emit foul miasma when
                  | damaged in melee. [demonic ancestry]
   301 | D:1      | Reached XP level 2. HP: 5/24 MP: 2/2
  1550 | D:2      | Found a blossoming altar of Fedhas.
  1560 | D:2      | Reached XP level 3. HP: 28/29 MP: 3/3
  1898 | D:2      | Reached skill level 4 in Unarmed Combat
  2330 | D:3      | Found a faded altar of an unknown god.
  2457 | D:2      | HP: 1/29 [orc (2)]
  2821 | D:3      | Slain by an orc priest

Illustrated notes

Levels and vault maps discovered:
D:1:      denvon_arrival_planthouse, layout_basic
D:2:      layout_rooms, basic_altar, bh_walls_and_bars
D:3:      layout_loops_ring, ebering_ecumenical_altar_sacrificial,
          lemuel_flame_loot_1

Skill      XL: |  1  2  3 |
---------------+----------+-----
Unarmed Combat | 3 4 |  4.3
Fighting       | |  3.0
Dodging        | |  2.6
Stealth        | |  1.7

Action                   || total
-------------------------++-------
Melee: Unarmed           ||   143
       Punch             ||     5
  Use: Potion            ||     3
 Stab: Sleeping          ||     6
Armor: Robe              ||    19
Dodge: Dodged            ||    69
